MLB
PITTSBURGH PIRATES @ CINCINNATI REDS
05/23/2018
 
TOP OF THE 1ST
Pittsburgh Pirates batting - Pitching for Cincinnati Reds : LHP Daniel Norris
Pitching: LHP Daniel Norris
Batting: RHB Brian Dozier 0-0: Foul Ball, location: 2F
0-1: Ball
1-1: Called Strike
1-2: Foul Ball, location: 2F
1-2: Ball
2-2: Ball
3-2: Foul Ball, location: 2F
3-2: SINGLE (Groundball, 6MD)
Batting: RHB Lorenzo Cain 0-0: Called Strike
Brian Dozier is caught stealing 2nd base 2-4
0-1: Foul Ball, location: 2F
0-2: Foul Ball, location: 2F
0-2: Ball
1-2: Ball
2-2: Foul Ball, location: 2F
2-2: Strikes out swinging
Batting: RHB Carlos Correa 0-0: Ball
1-0: Ball
2-0: Called Strike
2-1: Ball
3-1: Base on Balls
Batting: LHB Jake Lamb 0-0: Foul Ball, location: 2F
0-1: Ball
1-1: Ball
2-1: Swinging Strike
2-2: Foul Ball, location: 2F
2-2: Foul Ball, location: 2F
2-2: Ball
3-2: Strikes out looking
Top of the 1st over - 0 runs, 1 hit, 0 errors, 1 left on base; Pittsburgh 0 - Cincinnati 0
BOTTOM OF THE 1ST
Cincinnati Reds batting - Pitching for Pittsburgh Pirates : RHP Rick Porcello
Pitching: RHP Rick Porcello
Batting: LHB Jarrod Dyson 0-0: Ball
1-0: Called Strike
1-1: Called Strike
1-2: Foul Ball, location: 2F
1-2: Foul Ball, location: 2F
1-2: Ball
2-2: Ground out 6-3 (Groundball, 6S)
Batting: RHB Trea Turner 0-0: Called Strike
0-1: Ball
1-1: Ball
2-1: Ground out 1-3 (Groundball, 15S)
Batting: LHB Robinson Cano 0-0: SOLO HOME RUN (Flyball, 78XD), Distance : 388 ft
Batting: RHB Edwin Encarnacion 0-0: Ball
1-0: Foul Ball, location: 2F
1-1: Ground out 6-3 (Groundball, 6)
Bottom of the 1st over - 1 run, 1 hit, 0 errors, 0 left on base; Pittsburgh 0 - Cincinnati 1
TOP OF THE 2ND
Pittsburgh Pirates batting - Pitching for Cincinnati Reds : LHP Daniel Norris
Batting: RHB Ryan Zimmerman 0-0: Ball
1-0: Called Strike
1-1: Foul Ball, location: 2F
1-2: Ball
2-2: Foul Ball, location: 2F
2-2: SINGLE (Groundball, 5D)
Batting: LHB Jay Bruce 0-0: Ball
1-0: Called Strike
1-1: Ball
2-1: Ball
3-1: Base on Balls
Ryan Zimmerman to second
Batting: RHB Manny Pina 0-0: Ball
1-0: Called Strike
1-1: Swinging Strike
1-2: Foul Ball, location: 2F
1-2: Ground out 5-3 (Groundball, 56S)
Ryan Zimmerman to third
Jay Bruce to second
Batting: RHB Carlos Gomez 0-0: Fly out, F8 (Flyball, 8RM)
Runner from 3rd tags up, SCORES, throw by CF
Batting: RHB Rick Porcello 0-0: Ball
1-0: Ball
Wild Pitch!
Jay Bruce to third
2-0: Ball
3-0: Called Strike
3-1: Swinging Strike
3-2: Strikes out swinging
Top of the 2nd over - 1 run, 1 hit, 0 errors, 1 left on base; Pittsburgh 1 - Cincinnati 1
BOTTOM OF THE 2ND
Cincinnati Reds batting - Pitching for Pittsburgh Pirates : RHP Rick Porcello
Batting: LHB Scooter Gennett 0-0: Fly out, F7 (Flyball, 7S)
Batting: LHB Joey Gallo 0-0: Ball
1-0: Fly out, F7 (Flyball, 7)
Batting: RHB Adam Duvall 0-0: Called Strike
0-1: Fly out, F8 (Flyball, 78D)
Bottom of the 2nd over - 0 runs, 0 hits, 0 errors, 0 left on base; Pittsburgh 1 - Cincinnati 1
TOP OF THE 3RD
Pittsburgh Pirates batting - Pitching for Cincinnati Reds : LHP Daniel Norris
Batting: RHB Brian Dozier 0-0: Ball
1-0: Called Strike
1-1: Foul Ball, location: 2F
1-2: Foul Ball, location: 2F
1-2: Strikes out swinging
Batting: RHB Lorenzo Cain 0-0: Ball
1-0: Ball
2-0: Called Strike
2-1: Swinging Strike
2-2: Ball
3-2: Foul Ball, location: 2F
3-2: Foul Ball, location: 2F
3-2: Foul Ball, location: 2F
3-2: Base on Balls
Batting: RHB Carlos Correa 0-0: Ball
1-0: Called Strike
1-1: Grounds into double play, 6-4-3 (Groundball, 6)
Top of the 3rd over - 0 runs, 0 hits, 0 errors, 0 left on base; Pittsburgh 1 - Cincinnati 1
BOTTOM OF THE 3RD
Cincinnati Reds batting - Pitching for Pittsburgh Pirates : RHP Rick Porcello
Batting: RHB Devin Mesoraco 0-0: Ball
1-0: DOUBLE (Groundball, 5L)
Batting: LHB Daniel Norris 0-0: Sac Bunt to 13 - play at first, batter OUT! 1-4
Devin Mesoraco to third
Batting: LHB Jarrod Dyson 0-0: Called Strike
0-1: Ball
1-1: Swinging Strike
1-2: Strikes out looking
Batting: RHB Trea Turner 0-0: Ball
1-0: Called Strike
1-1: Swinging Strike
1-2: Fly out, F8 (Line Drive, 8LD)
Bottom of the 3rd over - 0 runs, 1 hit, 0 errors, 1 left on base; Pittsburgh 1 - Cincinnati 1
TOP OF THE 4TH
Pittsburgh Pirates batting - Pitching for Cincinnati Reds : LHP Daniel Norris
Batting: LHB Jake Lamb 0-0: Foul Ball, location: 2F
0-1: SINGLE (Line Drive, 7S)
Batting: RHB Ryan Zimmerman 0-0: SINGLE (Groundball, 6MD)
Jake Lamb to second
Runner from 2nd tries for 3rd, SAFE, throw by CF made to third
Batting: LHB Jay Bruce 0-0: Ball
1-0: Called Strike
1-1: Called Strike
1-2: Ball
2-2: Strikes out swinging
Batting: RHB Manny Pina 0-0: Called Strike
0-1: Grounds into double play, 5-4-3 (Groundball, 56)
Top of the 4th over - 0 runs, 2 hits, 0 errors, 1 left on base; Pittsburgh 1 - Cincinnati 1
BOTTOM OF THE 4TH
Cincinnati Reds batting - Pitching for Pittsburgh Pirates : RHP Rick Porcello
Batting: LHB Robinson Cano 0-0: Foul Ball, location: 2F
0-1: Ball
1-1: Ball
2-1: Ball
3-1: Base on Balls
Batting: RHB Edwin Encarnacion 0-0: Foul Ball, location: 2F
0-1: Swinging Strike
0-2: Foul Ball, location: 2F
0-2: Ball
1-2: 2-RUN HOME RUN (Flyball, 7D), Distance : 399 ft
Batting: LHB Scooter Gennett 0-0: Called Strike
0-1: Ball
1-1: Swinging Strike
1-2: SINGLE (Line Drive, 6D)
Batting: LHB Joey Gallo 0-0: Ball
1-0: Ball
2-0: Called Strike
2-1: Swinging Strike
2-2: Strikes out swinging
Batting: RHB Adam Duvall 0-0: Called Strike
0-1: Ball
1-1: Foul Ball, location: 2F
1-2: Foul Ball, location: 2F
1-2: Strikes out looking
Batting: RHB Devin Mesoraco 0-0: Ground out 1-3 (Groundball, 13)
Bottom of the 4th over - 2 runs, 2 hits, 0 errors, 1 left on base; Pittsburgh 1 - Cincinnati 3
TOP OF THE 5TH
Pittsburgh Pirates batting - Pitching for Cincinnati Reds : LHP Daniel Norris
Batting: RHB Carlos Gomez 0-0: Called Strike
0-1: Fly out, F8 (Flyball, 8RD)
Batting: RHB Rick Porcello 0-0: SINGLE (Groundball, 56D)
Batting: RHB Brian Dozier 0-0: 2-RUN HOME RUN (Flyball, 89XD), Distance : 387 ft
Batting: RHB Lorenzo Cain 0-0: SINGLE (Flyball, 9S)
Batting: RHB Carlos Correa 0-0: Ball
1-0: SINGLE (Groundball, 4MD)
Lorenzo Cain to second
Runner from 2nd tries for 3rd, SAFE, throw by CF made to third
Batting: LHB Jake Lamb 0-0: DOUBLE (Line Drive, 78M)
Lorenzo Cain scores
Carlos Correa to third
Runner from 3rd tries for Home, SAFE, throw by LF to home
Batting: RHB Ryan Zimmerman 0-0: Ball
1-0: Fly out, F6 (Line Drive, 6)
Batting: LHB Jay Bruce 0-0: Ball
1-0: Called Strike
1-1: Foul Ball, location: 2F
1-2: Ball
2-2: Ball
3-2: Foul Ball, location: 2F
3-2: SINGLE (Groundball, 56D)
Jake Lamb to third
Jake Lamb scores
Pitching: LHP Rex Brothers
Now at C: Yasmani Grandal
Batting: RHB Manny Pina 0-0: Ball
1-0: Called Strike
1-1: Ball
2-1: Foul Ball, location: 2F
2-2: Foul Ball, location: 2F
2-2: DOUBLE (Line Drive, 78XD)
Jay Bruce to third
Runner from 3rd tries for Home, SAFE, throw by CF to home
Batting: RHB Carlos Gomez 0-0: Intentional Walk
Batting: RHB Rick Porcello 0-0: Called Strike
0-1: Foul Ball, location: 2F
0-2: Strikes out swinging
Top of the 5th over - 6 runs, 7 hits, 0 errors, 2 left on base; Pittsburgh 7 - Cincinnati 3
BOTTOM OF THE 5TH
Cincinnati Reds batting - Pitching for Pittsburgh Pirates : RHP Rick Porcello
Batting: SHB Yasmani Grandal 0-0: Called Strike
0-1: Ball
1-1: Ball
2-1: Swinging Strike
2-2: Foul Ball, location: 2F
2-2: Foul Ball, location: 2F
2-2: Ball
3-2: Foul Ball, location: 2F
3-2: Foul Ball, location: 2F
3-2: Foul Ball, location: 2F
3-2: SOLO HOME RUN (Line Drive, 78XD), Distance : 412 ft
Batting: LHB Jarrod Dyson 0-0: Called Strike
0-1: Swinging Strike
0-2: Foul Ball, location: 2F
0-2: Strikes out swinging
Batting: RHB Trea Turner 0-0: Ball
1-0: Ball
2-0: Called Strike
2-1: Ball
3-1: SOLO HOME RUN (Flyball, 9LD), Distance : 329 ft
Batting: LHB Robinson Cano 0-0: Ball
1-0: Fly out, F9 (Flyball, 9)
Batting: RHB Edwin Encarnacion 0-0: Foul Ball, location: 2F
0-1: Ball
1-1: Called Strike
1-2: Foul Ball, location: 2F
1-2: Fly out, F7 (Flyball, 78S)
Bottom of the 5th over - 2 runs, 2 hits, 0 errors, 0 left on base; Pittsburgh 7 - Cincinnati 5
TOP OF THE 6TH
Pittsburgh Pirates batting - Pitching for Cincinnati Reds : LHP Rex Brothers
Batting: RHB Brian Dozier 0-0: Ball
1-0: Ball
2-0: Fly out, F7 (Flyball, 78S)
Batting: RHB Lorenzo Cain 0-0: Ground out 5-3 (Groundball, 56S)
Batting: RHB Carlos Correa 0-0: Ball
1-0: Ball
2-0: Called Strike
2-1: Fly out, F8 (Flyball, 8RM)
Top of the 6th over - 0 runs, 0 hits, 0 errors, 0 left on base; Pittsburgh 7 - Cincinnati 5
BOTTOM OF THE 6TH
Cincinnati Reds batting - Pitching for Pittsburgh Pirates : RHP Rick Porcello
Batting: LHB Scooter Gennett 0-0: Called Strike
0-1: Ball
1-1: Swinging Strike
1-2: Strikes out looking
Batting: LHB Joey Gallo 0-0: Called Strike
0-1: Fly out, F9 (Line Drive, 9)
Batting: RHB Adam Duvall 0-0: Called Strike
0-1: Swinging Strike
0-2: Strikes out looking
Bottom of the 6th over - 0 runs, 0 hits, 0 errors, 0 left on base; Pittsburgh 7 - Cincinnati 5
TOP OF THE 7TH
Pittsburgh Pirates batting - Pitching for Cincinnati Reds : LHP Rex Brothers
Pitching: RHP Bruce Rondon
Batting: LHB Jake Lamb 0-0: Foul Ball, location: 2F
0-1: Foul Ball, location: 2F
0-2: Foul Ball, location: 2F
0-2: Foul Ball, location: 2F
0-2: Strikes out swinging
Batting: RHB Ryan Zimmerman 0-0: Ball
1-0: Ball
2-0: Called Strike
2-1: Foul Ball, location: 2F
2-2: Strikes out looking
Batting: LHB Jay Bruce 0-0: Ball
1-0: Ball
2-0: Swinging Strike
2-1: Foul Ball, location: 2F
2-2: Strikes out swinging
Top of the 7th over - 0 runs, 0 hits, 0 errors, 0 left on base; Pittsburgh 7 - Cincinnati 5
BOTTOM OF THE 7TH
Cincinnati Reds batting - Pitching for Pittsburgh Pirates : RHP Rick Porcello
Pinch Hitting: LHB Colby Rasmus 0-0: Swinging Strike
0-1: Ball
1-1: Ball
2-1: Called Strike
2-2: Foul Ball, location: 2F
2-2: Foul Ball, location: 2F
2-2: Ball
3-2: Foul Ball, location: 2F
3-2: Foul Ball, location: 2F
3-2: SINGLE (Groundball, 34D)
Pitching: RHP Keone Kela
Batting: SHB Yasmani Grandal 0-0: Ball
1-0: Called Strike
1-1: Called Strike
1-2: Ball
2-2: Foul Ball, location: 2F
2-2: Ball
3-2: Foul Ball, location: 2F
3-2: Strikes out swinging
Batting: LHB Jarrod Dyson 0-0: Ball
1-0: Fly out, F3 (Line Drive, 3)
Batting: RHB Trea Turner 0-0: Ball
1-0: Foul Ball, location: 2F
1-1: Called Strike
1-2: Strikes out swinging
Bottom of the 7th over - 0 runs, 1 hit, 0 errors, 1 left on base; Pittsburgh 7 - Cincinnati 5
TOP OF THE 8TH
Pittsburgh Pirates batting - Pitching for Cincinnati Reds : RHP Bruce Rondon
Pitching: RHP Raisel Iglesias
Batting: RHB Manny Pina 0-0: Fly out, F7 (Flyball, 7LD)
Batting: RHB Carlos Gomez 0-0: Ball
1-0: Ball
2-0: Fly out, F7 (Line Drive, 7)
Pinch Hitting: RHB Mark Canha 0-0: Ball
1-0: DOUBLE (Line Drive, 78D)
Batting: RHB Brian Dozier 0-0: Swinging Strike
0-1: Ball
1-1: Swinging Strike
1-2: Foul Ball, location: 2F
1-2: Strikes out swinging
Top of the 8th over - 0 runs, 1 hit, 0 errors, 1 left on base; Pittsburgh 7 - Cincinnati 5
BOTTOM OF THE 8TH
Cincinnati Reds batting - Pitching for Pittsburgh Pirates : RHP Keone Kela
Pitching: RHP Joe Kelly
Batting: LHB Robinson Cano 0-0: SINGLE (Groundball, 5D)
Batting: RHB Edwin Encarnacion 0-0: Ball
1-0: Called Strike
1-1: Ball
2-1: Called Strike
2-2: Foul Ball, location: 2F
2-2: Ball
3-2: Hit by Pitch
Robinson Cano to second
Batting: LHB Scooter Gennett 0-0: Fielders Choice at 2nd, 4-6 (Groundball, 4)
Robinson Cano to third
Pitching: LHP Taylor Rogers
Batting: LHB Joey Gallo 0-0: Called Strike
0-1: Called Strike
0-2: Strikes out swinging
Pitching: RHP Ryan Pressly
Batting: RHB Adam Duvall 0-0: Ball
1-0: Swinging Strike
1-1: Called Strike
1-2: Foul Ball, location: 2F
1-2: Ball
2-2: Foul Ball, location: 2F
2-2: Ball
3-2: Strikes out looking
Bottom of the 8th over - 0 runs, 1 hit, 0 errors, 2 left on base; Pittsburgh 7 - Cincinnati 5
TOP OF THE 9TH
Pittsburgh Pirates batting - Pitching for Cincinnati Reds : RHP Raisel Iglesias
Pitching: RHP Ken Giles
Batting: RHB Lorenzo Cain 0-0: Ball
1-0: Foul Ball, location: 2F
1-1: Ball
2-1: Swinging Strike
2-2: Ball
3-2: SINGLE (Line Drive, 78S)
Batting: RHB Carlos Correa 0-0: Called Strike
Lorenzo Cain is caught stealing 2nd base 2-4
0-1: Ground out 6-3 (Groundball, 6)
Batting: LHB Jake Lamb 0-0: Called Strike
0-1: Foul Ball, location: 2F
0-2: Ground out 4-3 (Groundball, 34D)
Top of the 9th over - 0 runs, 1 hit, 0 errors, 0 left on base; Pittsburgh 7 - Cincinnati 5
BOTTOM OF THE 9TH
Cincinnati Reds batting - Pitching for Pittsburgh Pirates : RHP Ryan Pressly
Pinch Hitting: LHB Adrian Gonzalez 0-0: Called Strike
0-1: Ball
1-1: Fly out, F6 (Popup, 4MS)
Pitching: RHP Gerson Moreno
Batting: SHB Yasmani Grandal 0-0: Swinging Strike
0-1: Called Strike
0-2: Strikes out looking
Batting: LHB Jarrod Dyson 0-0: Called Strike
0-1: Ball
1-1: SINGLE (Groundball, 56D)
Batting: RHB Trea Turner 0-0: DOUBLE (Flyball, 89D)
Jarrod Dyson to third
Batting: LHB Robinson Cano 0-0: Called Strike
0-1: Foul Ball, location: 2F
0-2: SINGLE (Line Drive, 34D)
Jarrod Dyson scores
Trea Turner to third
Runner from 3rd tries for Home, SAFE, no throw by RF
Batting: RHB Edwin Encarnacion 0-0: Ball
Robinson Cano steals 2nd base
1-0: Intentional Walk
Batting: LHB Scooter Gennett 0-0: Fly out, F7 (Flyball, 7)
Bottom of the 9th over - 2 runs, 3 hits, 0 errors, 2 left on base; Pittsburgh 7 - Cincinnati 7
TOP OF THE 10TH
Pittsburgh Pirates batting - Pitching for Cincinnati Reds : RHP Ken Giles
Pitching: LHP Josh Smoker
Batting: RHB Ryan Zimmerman 0-0: Called Strike
0-1: Ball
1-1: Ball
2-1: Foul Ball, location: 2F
2-2: Strikes out swinging, 2-3 out at first.
Pinch Hitting: RHB Robinson Chirinos 0-0: Ball
1-0: Foul Ball, location: 2F
1-1: Ball
2-1: Ball
3-1: Base on Balls
Batting: RHB Manny Pina 0-0: Called Strike
0-1: Fly out, F7 (Flyball, 78D)
Batting: RHB Carlos Gomez 0-0: Ball
1-0: Called Strike
1-1: Ball
2-1: Called Strike
2-2: Foul Ball, location: 2F
2-2: Fielders Choice at 2nd, 6-4 (Groundball, 6)
Top of the 10th over - 0 runs, 0 hits, 0 errors, 1 left on base; Pittsburgh 7 - Cincinnati 7
BOTTOM OF THE 10TH
Cincinnati Reds batting - Pitching for Pittsburgh Pirates : RHP Gerson Moreno
Pitching: RHP Addison Reed
Now in LF: Brad Miller
Now in RF: Matt Davidson
Batting: LHB Joey Gallo 0-0: Ball
1-0: Foul Ball, location: 2F
1-1: Foul Ball, location: 2F
1-2: Ball
2-2: Ball
3-2: Ground out 4-3 (Groundball, 34D)
Batting: RHB Adam Duvall 0-0: Ball
1-0: Ball
2-0: Ball
3-0: Base on Balls
Pinch Hitting: RHB Allen Cordoba 0-0: Foul Ball, location: 2F
0-1: Foul Ball, location: 2F
0-2: Ball
1-2: Ball
2-2: Strikes out swinging
Batting: SHB Yasmani Grandal 0-0: Called Strike
0-1: Ball
1-1: Ball
2-1: Foul Ball, location: 2F
2-2: Ball
3-2: Strikes out swinging
Bottom of the 10th over - 0 runs, 0 hits, 0 errors, 1 left on base; Pittsburgh 7 - Cincinnati 7
TOP OF THE 11TH
Pittsburgh Pirates batting - Pitching for Cincinnati Reds : LHP Josh Smoker
Pitching: RHP Tyler Duffey
Batting: LHB Brad Miller 0-0: Ball
1-0: Ball
2-0: Called Strike
2-1: Ball
3-1: Foul Ball, location: 2F
3-2: Base on Balls
Batting: RHB Brian Dozier 0-0: Sac Bunt to 15S - play at first, batter OUT! 1-4
Brad Miller to second
Batting: RHB Lorenzo Cain 0-0: Fly out, F6 (Popup, 6MS)
Batting: RHB Carlos Correa 0-0: Ball
1-0: Ball
2-0: Called Strike
2-1: Called Strike
2-2: Strikes out swinging
Top of the 11th over - 0 runs, 0 hits, 0 errors, 1 left on base; Pittsburgh 7 - Cincinnati 7
BOTTOM OF THE 11TH
Cincinnati Reds batting - Pitching for Pittsburgh Pirates : RHP Addison Reed
Batting: LHB Jarrod Dyson 0-0: Ball
1-0: DOUBLE (Line Drive, 9LM)
Batting: RHB Trea Turner 0-0: Called Strike
Jarrod Dyson scores!
Jarrod Dyson scores
Wednesday, July 18th, 2018 - OOTP Baseball 19.7 Build 59